 Dungeon Crawl Stone Soup version 0.21-a0-513-gdcb3f5eb25 (webtiles) character file.

79 Kaname the Conjurer (level 4, -3/30 HPs)
             Began as a Demonspawn Wizard on Dec 1, 2017.
             Slain by a sky beast (5 damage)
             ... on level 2 of the Dungeon.
             The game lasted 00:05:29 (1031 turns).

Kaname the Conjurer (Demonspawn Wizard)             Turns: 1031, Time: 00:05:31

Health: -3/30      AC:  4    Str:  7    XL:     4   Next: 17%
Magic:  0/8        EV: 11    Int: 21    God:
Gold:   96         SH:  3    Dex: 11    Spells: 0/9 levels left

rFire    . . .     SeeInvis .   g - +0 short sword
rCold    . . .     Gourm    .   b - +0 buckler
rNeg     . . .     Faith    +   a - +0 robe
rPois    .         Spirit   +   k - +0 helmet
rElec    .         Reflect  .   (no cloak)
rCorr    .         Harm     .   l - +0 pair of gloves
MR       .....                  (no boots)
Stlth    +++.......             i - amulet of faith
HPRegen  0.10/turn              (no ring)
MPRegen  0.22/turn              (no ring)

@: no status effects
A: nightstalker 1, magic shield, magic regeneration
a: no special abilities


You were on level 2 of the Dungeon.
You were not hungry.

You visited 1 branch of the dungeon, and saw 2 of its levels.

You collected 96 gold pieces.

Inventory:

Hand Weapons
 e - a +0 short sword
 g - a +0 short sword (weapon)
Armour
 a - a +0 robe (worn)
 b - a +0 buckler (worn)
 k - a +0 helmet (worn)
 l - a +0 pair of gloves (worn)
Jewellery
 i - an amulet of faith (around neck)
Scrolls
 f - a scroll of identify {unknown}
 h - a scroll of teleportation {unknown}
 o - 3 scrolls of remove curse {unknown}
 r - a scroll of fear {unknown}
Potions
 m - a potion of flight {unknown}
 p - a potion of brilliance {unknown}
 q - a potion of haste
Books
 c - a book of Minor Magic

   Spells                             Type                      Level
   a - Magic Dart                     Conjuration                  1
   b - Blink                          Translocation                2
   c - Call Imp                       Summoning                    2
   d - Slow                           Hexes                        2
   e - Conjure Flame                  Conjuration/Fire             3
   f - Mephitic Cloud                 Conjuration/Poison/Air       3
Comestibles
 d - a bread ration
 j - a royal jelly
 n - a chunk of flesh


   Skills:
 - Level 1.7 Dodging
 - Level 1.7 Stealth
 + Level 3.0 Spellcasting
 - Level 4.0 Conjurations
   Level 1.0 Summonings
 - Level 1.0 Translocations


You couldn't memorise any spells.
You knew the following spells:

 Your Spells              Type           Power        Failure   Level  Hunger
a - Magic Dart            Conj           ###.         4%          1    None
b - Blink                 Tloc           N/A          22%         2    ##.....
c - Mephitic Cloud        Conj/Pois/Air  #.......     36%         3    ###....
d - Conjure Flame         Conj/Fire      ##......     28%         3    ###....


Dungeon Overview and Level Annotations

Branches:
Dungeon (2/15)

Altars:


Innate Abilities, Weirdness & Mutations

You are slightly more attuned to the shadows.
When hurt, damage is shared between your health and your magic reserves.
You regenerate magic rapidly.


Message History

Aim: a sky beast (severely wounded)
The magic dart hits the sky beast.
The sky beast is severely wounded.
The sky beast hits you but does no damage.
Casting: Magic Dart
Confirm with . or Enter, or press ? or * to list all spells.
Aiming: Magic Dart
Press: ? - help, Shift-Dir - straight line, f/p - sky beast
Aim: a sky beast (severely wounded)
The magic dart hits the sky beast.
The sky beast is almost dead.
You block the sky beast's attack.
You hit the sky beast but do no damage.
The sky beast is almost dead.
The sky beast hits you. The sky beast shocks you.
* * * LOW HITPOINT WARNING * * *
The sky beast hits you.
* * * LOW HITPOINT WARNING * * *
The sky beast shocks you.
You die...

## .###########################
...........................#
#############....[.#######.#
#............# #.# #.†..........#
#.# #..#####.....#######.######
#..# ###.#.....[........# #..#
#@#########.####.# #..##### #Y#
#.# #.# #......# #.# #.# #.#
#######.####.# #.# #.# #.#
........# #.# #.### #####.# #.#
############.###.##.##.....####.#
#............#..............#
#.######.##..##.##.##########
#.######.##..##.....<#######


You could see a sky beast.

Vanquished Creatures
  Jessica (D:2)
  2 adders (D:2)
  A dart slug (D:2)
  3 leopard geckos (D:1)
  2 giant cockroaches (D:1)
  6 goblins
  6 bats
  5 kobolds
  7 rats
33 creatures vanquished.

Notes
Turn   | Place    | Note
-------+----------+-------------------------------------------
     0 | D:1      | Kaname the Demonspawn Wizard began the quest for the Orb.
     0 | D:1      | Reached XP level 1. HP: 13/13 MP: 4/4
   145 | D:1      | Reached skill level 2 in Conjurations
   178 | D:1      | Gained mutation: When hurt, damage is shared between your health and your magic reserves. [demonic ancestry]
   178 | D:1      | Reached XP level 2. HP: 17/19 MP: 4/6
   320 | D:1      | Learned a level 2 spell: Blink
   716 | D:2      | Reached skill level 3 in Conjurations
   716 | D:2      | Gained mutation: You regenerate magic rapidly. [demonic ancestry]
   716 | D:2      | Reached XP level 3. HP: 5/24 MP: 0/7
   768 | D:2      | Noticed a sky beast
   793 | D:2      | Noticed Jessica
   807 | D:2      | Killed Jessica
   842 | D:2      | Reached skill level 4 in Conjurations
   842 | D:2      | Gained mutation: You are slightly more attuned to the shadows. [demonic ancestry]
   842 | D:2      | Reached XP level 4. HP: 17/30 MP: 1/8
   847 | D:2      | Learned a level 3 spell: Mephitic Cloud
   851 | D:2      | Learned a level 3 spell: Conjure Flame
   909 | D:2      | Reached skill level 1 in Translocations
  1031 | D:2      | Slain by a sky beast

Vault maps used:
D:1:      lemuel_arrival_cross
D:2:      kennysheep_slug_shrine, uniq_crazy_yiuf_cottage, uniq_jessica

Skill      XL: |  1  2  3  4 |
---------------+-------------+-----
Conjurations   | 2 3 4 |  4.0
Translocations | 1 |  1.0
Dodging        | |  1.7
Stealth        | |  1.7
Spellcasting   | |  3.0
Summonings     | |  1.0

Action                   |  1- 3 |  4- 6 || total
-------------------------+-------+-------++-------
Melee: Short sword       |    53 |     2 ||    55
 Cast: Magic Dart        |    44 |    17 ||    61
  Use: Potion            |     2 |       ||     2
Armor: Robe              |    12 |     1 ||    13
Dodge: Dodged            |    33 |     2 ||    35
Block: Buckler           |     6 |     2 ||     8

Table legend:
 A = Spawn XP
 B = Non-spawn XP
 C = Spawn XP percentage of total XP
 D = Spawn monster count
 E = Non-spawn monster count
 F = Spawn count percentage of total count
 G = Total turns spent on level
                    A         B        C        D         E        F      G
               +---------+---------+-------+---------+---------+-------+---------
         Total |       0 |     114 |   0.0 |       0 |      33 |   0.0 |  1031
               +---------+---------+-------+---------+---------+-------+---------
           D:1 |       0 |      33 |   0.0 |       0 |      20 |   0.0 |   691
           D:2 |       0 |      81 |   0.0 |       0 |      13 |   0.0 |   340
               +---------+---------+-------+---------+---------+-------+---------
